 Dungeon Crawl Stone Soup version 0.23.1 (webtiles) character file.

Game seed: 14688419551617837314

237 Norn the Poker (level 6, -4/47 HPs)
             Began as a Merfolk Skald on Mar 10, 2019.
             Slain by a crocodile (16 damage)
             ... in a sewer.
             The game lasted 00:06:02 (4221 turns).

Norn the Poker (Merfolk Skald)                      Turns: 4221, Time: 00:06:03

Health: -4/47      AC:  3    Str: 11    XL:     6   Next: 6%
Magic:  1/9        EV: 13    Int: 14    God:
Gold:   161        SH:  0    Dex: 14    Spells: 1/9 levels left

rFire    . . .     SeeInvis .   a - +0 spear
rCold    . . .     Gourm    .   (no shield)
rNeg     . . .     Faith    .   b - +0 leather armour
rPois    .         Spirit   .   (no helmet)
rElec    .         Reflect  .   (no cloak)
rCorr    .         Harm     .   (no gloves)
MR       .....                  (no boots)
Stlth    +.........             (no amulet)
HPRegen  0.15/turn              (no ring)
MPRegen  0.11/turn              (no ring)

@: infused (expiring)
A: change form in water, swift swim, stealthy swim
a: no special abilities


You were in a sewer.
You were not hungry.

You visited 1 branch of the dungeon, and saw 4 of its levels.
You also visited: Sewer.

You collected 161 gold pieces.

Inventory:

Hand Weapons
 a - a +0 spear (weapon)
 s - a +0 blowgun
   (You took it off a kobold on level 3 of the Dungeon)
Missiles
 q - 7 poisoned needles
Armour
 b - a +0 leather armour (worn)
 d - a +0 pair of gloves
   (You found it on level 1 of the Dungeon)
 p - a +0 pair of boots
   (You found it on level 3 of the Dungeon)
Jewellery
 g - an uncursed ring of protection from cold {unknown}
   (You found it on level 2 of the Dungeon)
 i - an uncursed ring of poison resistance {unknown}
   (You found it on level 1 of the Dungeon)
 j - an uncursed ring of see invisible {unknown}
   (You found it on level 1 of the Dungeon)
 r - an uncursed ring of positive energy {unknown}
   (You found it on level 3 of the Dungeon)
Scrolls
 c - a scroll of teleportation {@r4}
 l - a scroll of immolation {unknown}
 n - a scroll of fog {unknown}
Potions
 f - 2 potions of flight {unknown}
 h - a potion of mutation {unknown}
 k - a potion of heal wounds {unknown}
 m - 3 potions of curing {unknown}
Comestibles
 e - 8 rations {!d}
 o - 2 chunks of flesh


   Skills:
 + Level 3.5 Fighting
 * Level 6.0 Polearms
 - Level 0.6 Armour
 + Level 4.2 Dodging
 - Level 2.0 Spellcasting
 + Level 4.4 Charms


You had one spell level left.
You knew the following spells:

 Your Spells              Type           Power        Failure   Level  Hunger
a - Infusion              Chrm           ##..         5%          1    ##.....
q - Shroud of Golubria    Chrm/Tloc      #.........   19%         2    ###....
t - Spectral Weapon       Hex/Chrm       #.......     36%         3    ####...
w - Song of Slaying       Chrm           ##......     8%          2    ###....

Your spell library contained the following spells:

 Spells                   Type           Power        Failure   Level  Hunger
 Regeneration             Chrm/Necr      #.........   36%         3    ####...


Dungeon Overview and Level Annotations

Branches:
Dungeon (4/15)
 Temple: D:4-7

Altars:
Dithmenos


Message History

No target in view!
A bat comes into view.
Things that are here:
a bat corpse x2
You butcher the bat corpse.
The bat misses you.
Things that are here:
a chunk of flesh; a bat skeleton; a bat corpse You hit the bat.
You kill the bat!
No target in view!
You start resting.
Your magical contamination has completely faded away.
o - a chunk of flesh You butcher the bat corpse.
o - 2 chunks of flesh (gained 1)
Things that are here:
a bat skeleton x2
Things that are here:
a bat skeleton x2
Your legs become a tail as you enter the water.
A crocodile comes into view.
A crocodile is nearby!
You begin infusing your attacks with magical energy.
Space distorts slightly along a thin shroud covering your body.
Attack whom?
Aim: a crocodile You reach to attack!
You hit the crocodile. You closely miss the crocodile.
You barely miss the crocodile.
Your shroud bends the crocodile's attack away.
You hit the crocodile but do no damage. The crocodile barely misses you.
You hit the crocodile.
Your shroud bends the crocodile's attack away.
You hit the crocodile! The crocodile misses you.
You hit the crocodile. You hit the crocodile.
Your shroud bends the crocodile's attack away!!
You hit the crocodile. The crocodile bites you.
Your shroud falls apart!
You hit the crocodile. The crocodile bites you!
You barely miss the crocodile. The crocodile completely misses you.
You hit the crocodile but do no damage. You hit the crocodile.
The crocodile barely misses you.
You barely miss the crocodile. The crocodile bites you!!
* * * LOW HITPOINT WARNING * * *
Okay, then.
Your magical infusion is running out.
You don't have enough magic to cast that spell.
You barely miss the crocodile. The crocodile bites you!
You die...

#.# #.# #.# #######
#.# ##.....## #.#
##...≈...## #.#
##...≈≈≈...#######.#
#.∩÷≈≈≈≈≈.....@t...#
##...≈≈≈...#######.#
##...≈...## #.#
##.....## #.#
####### #.# ... ...
..... .....


You could see a crocodile.

Vanquished Creatures
  A wyvern skeleton (D:2)
  Natasha (thrice) (D:3)
  4 adders
  3 worms
  A dart slug (D:1)
  A leopard gecko (D:2)
  2 orcs (D:3)
  3 giant cockroaches
  7 goblins
  4 hobgoblins
  2 quokkas
  14 bats
  7 frilled lizards
  5 kobolds
  7 rats
64 creatures vanquished.

Notes
Turn   | Place    | Note
-------+----------+-------------------------------------------
     0 | D:1      | Norn the Merfolk Skald began the quest for the Orb.
     0 | D:1      | Reached XP level 1. HP: 16/16 MP: 3/3
   344 | D:1      | Reached XP level 2. HP: 23/23 MP: 0/5
   553 | D:1      | You fall through a shaft!
   681 | D:2      | Reached XP level 3. HP: 23/28 MP: 2/6
   690 | D:2      | Found a shadowy altar of Dithmenos.
   941 | D:1      | Reached skill level 4 in Polearms
  1346 | D:2      | Learned a level 2 spell: Shroud of Golubria
  1350 | D:2      | Learned a level 3 spell: Spectral Weapon
  2118 | D:2      | Reached skill level 5 in Polearms
  2118 | D:2      | Reached XP level 4. HP: 24/35 MP: 0/7
  2405 | D:3      | Noticed Natasha
  2416 | D:3      | Killed Natasha
  2416 | D:3      | Reached XP level 5. HP: 25/41 MP: 0/8
  2741 | D:3      | Learned a level 2 spell: Song of Slaying
  2870 | D:3      | Noticed Natasha
  2878 | D:3      | Killed Natasha
  3058 | D:3      | Noticed Natasha
  3234 | D:3      | Killed Natasha
  3653 | D:3      | Reached XP level 6. HP: 10/47 MP: 1/9
  3990 | D:4      | Found a glowing drain.
  4008 | D:4      | Reached skill level 6 in Polearms
  4094 | Sewer    | Entered a sewer
  4221 | Sewer    | Slain by a crocodile

Skill      XL: |  1  2  3  4  5  6 |
---------------+-------------------+-----
Dodging        | 3 4 |  4.2
Polearms       | 5 6 |  6.0
Fighting       | 3 |  3.5
Charms         | 4 |  4.4
Armour         | |  0.6
Spellcasting   | |  2.0

Action                   |  1- 3 |  4- 6 || total
-------------------------+-------+-------++-------
Melee: Spear             |   127 |   124 ||   251
 Cast: Infusion          |    14 |    12 ||    26
       Shroud of Golubri |     2 |     6 ||     8
  Use: Scroll            |     1 |     1 ||     2
 Stab: Sleeping          |     2 |       ||     2
  Eat: Chunk             |     3 |     9 ||    12
Armor: Leather armour    |    23 |    23 ||    46
Dodge: Dodged            |    51 |    76 ||   127
